 Dungeon Crawl Stone Soup version 0.29-a0-517-gbdf32494f2 (webtiles) character file.

Game seed: 6948007240190349132

2464 purpskrrrp the Cudgeller (level 9, 0/54 HPs)
             Began as a Kobold Fighter on May 30, 2022.
             Was a Follower of Dithmenos.
             Succumbed to a killer bee's poison
             ... on level 7 of the Dungeon.
             The game lasted 00:39:02 (9254 turns).

purpskrrrp the Cudgeller (Kobold Fighter)           Turns: 9254, Time: 00:39:03

Health: 0/54       AC: 14    Str: 14    XL:     9   Next: 79%
Magic:  9/9        EV:  7    Int:  9    God:    Dithmenos [*.....]
Gold:   473        SH:  6    Dex: 18    Spells: 8/8 levels left

rFire   + . .      SeeInvis .   q - +4 flail
rCold   . . .      Faith    .   c - +0 buckler
rNeg    . . .      Spirit   .   o - +0 plate armour
rPois   .          Reflect  .   H - +0 helmet
rElec   .          Harm     .   G - +0 cloak
rCorr   .          Rampage  .   (no gloves)
Will    .....      Rage     1%  (no boots)
Stlth   ..........              (no amulet)
HPRegen 0.18/turn               i - ring of protection from cold
MPRegen 0.11/turn               u - ring of fire

@: lethally poisoned (0 -> -4), on berserk cooldown, slowed, wreathed by umbra,
very slow
A: small, no large weapons, nightstalker 3, berserk 1
a: Renounce Religion


You were on level 7 of the Dungeon.
You worshipped Dithmenos.
Dithmenos was aware of your devotion.
You visited 1 branch of the dungeon, and saw 7 of its levels.

You collected 473 gold pieces.

Inventory:

Hand Weapons
 a - a +0 rapier
 d - a +2 dagger of protection
 g - a +0 falchion of electrocution
 q - a +4 flail (weapon)
 C - the +10 hunting sling of the Pit {vorpal, rElec rN+ Int+3}
   (You found it on level 5 of the Dungeon)

   Any ammunition fired from it inflicts extra damage upon your enemies.
   Int:       It affects your intelligence (+3).
   rElec:     It insulates you from electricity.
   rN:        It protects you from negative energy.
 F - a +0 spear
 I - a +0 morningstar
Missiles
 f - 19 poisoned darts
 s - a throwing net
Armour
 b - a +0 scale mail
 c - a +0 buckler (worn)
 o - a +0 plate armour (worn)
 G - a +0 cloak (worn)
 H - a +0 helmet (worn)
Magical Staves
 x - a staff of air
Jewellery
 i - a ring of protection from cold (left hand)
 u - a ring of fire (right hand)
Wands
 n - a wand of paralysis (19)
 t - a wand of mindburst (2) (quivered)
 D - a wand of charming (4)
Scrolls
 l - a scroll of immolation
 v - 3 scrolls of enchant weapon {unknown}
 w - 6 scrolls of teleportation {unknown}
 y - 2 scrolls of fog {unknown}
 z - a scroll of blinking {unknown}
 A - 2 scrolls of brand weapon {unknown}
 E - a scroll of fear {unknown}
Potions
 e - 4 potions of curing
 h - a potion of flight
 j - 2 potions of brilliance
 k - 3 potions of haste
 m - a potion of heal wounds
 p - a potion of invisibility
 r - a potion of berserk rage {unknown}
 B - 2 potions of magic


   Skills:
 + Level 5.3 Fighting
 + Level 3.9(4.0) Short Blades
 - Level 0.4(1.5) Long Blades
 * Level 7.0 Maces & Flails
 + Level 0.4 Slings
 + Level 5.3 Armour
 * Level 4.8 Dodging
 + Level 1.3 Stealth
 * Level 4.6 Shields
 + Level 0.2 Evocations


You had 8 spell levels left.
You didn't know any spells.
Your spell library contained the following spells:

 Spells                   Type           Power      Damage    Failure   Level
 Foxfire                  Conj/Fire      0%         2x1d4     100%        1
 Poisonous Vapours        Pois/Air       0%         N/A       100%        2
 Conjure Flame            Conj/Fire      0%         6-21      100%        3
 Inner Flame              Hex/Fire       0%         N/A       100%        3
 Corpse Rot               Necr/Pois/Air  0%         N/A       100%        4
 Flame Wave               Conj/Fire      0%         2d4       100%        4


Dungeon Overview and Level Annotations

Branches:
Dungeon (7/15)             Temple (0/1) D:7

Altars:
Dithmenos
Gozag
Ru
Vehumet
Wu Jian
Yredelemnul
The Shining One


Innate Abilities, Weirdness & Mutations

You are small and have problems with some larger weapons.
You are completely attuned to the shadows.
You tend to lose your temper in combat.


Message History

You feel yourself moving faster!
You feel mighty!
You completely miss the necrophage.
The necrophage is heavily damaged.
The necrophage hits you.
You feel drained.
You closely miss the necrophage.
The necrophage is heavily damaged.
The necrophage hits you but does no damage.
You bludgeon the necrophage!!
You destroy the necrophage!
Dithmenos accepts your kill.
Your life force feels restored.
You start resting.
You feel a strong urge to attack something.
You start resting.
You feel your anger nearly subside.
You are no longer berserk.
You are exhausted.
You feel yourself slow down.
You start resting.
A killer bee comes into view.
The killer bee buzzes angrily.
You hear an angry buzzing noise. x2
The killer bee stings you but does no damage.
You block the killer bee's attack.
You sock the killer bee!
The killer bee is heavily wounded.
The killer bee stings you!
A killer bee comes into view.
The killer bee completely misses you.
A killer bee comes into view.
The killer bee stings you.
* * * LOW HITPOINT WARNING * * *
You are poisoned.
The killer bee poisons you!
You feel sick. The killer bee barely misses you.
The killer bee stings you but does no damage.
The killer bee stings you.
* * * LOW HITPOINT WARNING * * *
The killer bee attacks as you move away!
The killer bee stings you!
* * * LOW HITPOINT WARNING * * *
You die...

# #...........####...
##............#...#.
#..#.............##.
....#..........#.##..
...............#..##.
.##.............<#.###.
...........#...).......
............#.....#.....
#.....##@...##.....#..##.
.....y†...#....#..##..)##
##.....yy.##......###...##
##..........#.....>###....#
...........................
..................#...##.##
........###.......#...##.#
#.##....###.......##..####
##.....#.......##.##


You could see 3 killer bees.

Vanquished Creatures
  Eustachio (D:3)
  A steam dragon (D:6)
  A water moccasin (D:7)
  An ice beast (D:6)
  A black bear (D:6)
  An ogre (D:6)
  A phantom (D:7)
  2 necrophages
  A scorpion (D:5)
  A howler monkey (D:6)
  A centaur zombie (D:6)
  3 hounds
  3 jellies
  A gnoll shaman (D:4)
  3 orc priests (D:5)
  Ijyb (D:5)
  Terence (D:2)
  Natasha (thrice) (D:4)
  An iguana (D:5)
  3 orc wizards
  A killer bee zombie (D:6)
  5 adders
  11 gnolls
  2 white imps
  An ufetubus (D:6)
  2 dart slugs (D:2)
  5 worms
  11 orcs
  6 ball pythons
  8 bats
  3 endoplasms
  3 giant cockroaches
  7 goblins
  2 hobgoblins
  3 jackals (D:4)
  3 quokkas
  8 frilled lizards (D:1)
  6 kobolds
  4 rats
  A spectral hobgoblin (D:2)
123 creatures vanquished.

Vanquished Creatures (collateral kills)
  The ghost of spaghetti the Fighter, a novice OgFi of Hepliaklqana (D:5)
  A black bear (D:5)
  A kobold brigand (D:5)
3 creatures vanquished.

Vanquished Creatures (others)
  3 orcs (D:6)
  3 fungi (D:5)
  2 plants (D:1)
  5 toadstools (D:1)
13 creatures vanquished.

Grand Total: 139 creatures vanquished

Notes
Turn   | Place    | Note
-------+----------+-------------------------------------------
     0 | D:1      | purpskrrrp the Kobold Fighter began the quest for the Orb.
     0 | D:1      | Reached XP level 1. HP: 14/14 MP: 1/1
   456 | D:1      | Reached XP level 2. HP: 19/19 MP: 2/2
  1280 | D:2      | Reached XP level 3. HP: 21/24 MP: 3/3
  1358 | D:2      | Noticed Terence
  1383 | D:2      | Killed Terence
  1384 | D:2      | Reached XP level 4. HP: 4/29 MP: 4/4
  1390 | D:2      | HP: 1/29 [goblin/+0 club (3)]
  1819 | D:2      | Reached skill level 1 in Dodging
  1929 | D:2      | Found a faded altar of an unknown god.
  2341 | D:3      | Found a shadowy altar of Dithmenos.
  2441 | D:3      | Gained mutation: You tend to lose your temper in combat.
                  | [potion of mutation]
  2441 | D:3      | Gained mutation: Your body sometimes deteriorates upon
                  | taking damage. [potion of mutation]
  2441 | D:3      | Lost mutation: Your body sometimes deteriorates upon taking
                  | damage. [potion of mutation]
  2715 | D:3      | Reached XP level 5. HP: 30/33 MP: 5/5
  3601 | D:3      | Became a worshipper of Dithmenos the Shadowed
  4033 | D:4      | Found an ornate altar of the Wu Jian Council.
  4223 | D:4      | Reached skill level 1 in Stealth
  4223 | D:4      | Reached XP level 6. HP: 26/38 MP: 6/6
  4228 | D:4      | Reached skill level 1 in Maces & Flails
  4828 | D:4      | Noticed Eustachio
  5136 | D:3      | Killed Eustachio
  5137 | D:3      | Reached skill level 2 in Maces & Flails
  5137 | D:3      | Reached XP level 7. HP: 43/43 MP: 7/7
  5322 | D:4      | Found a glowing golden altar of the Shining One.
  5327 | D:4      | Found a sacrificial altar of Ru.
  5329 | D:4      | Found a faded altar of an unknown god.
  5330 | D:4      | Found a faded altar of an unknown god.
  5353 | D:4      | Found a radiant altar of Vehumet.
  5398 | D:4      | Noticed Natasha
  5407 | D:4      | Killed Natasha
  5659 | D:4      | Noticed Natasha
  5666 | D:4      | Killed Natasha
  5902 | D:4      | Noticed Natasha
  5907 | D:4      | Killed Natasha
  5935 | D:5      | Entered Level 5 of the Dungeon
  6089 | D:5      | Reached skill level 3 in Maces & Flails
  6259 | D:5      | Reached XP level 8. HP: 19/48 MP: 8/8
  6308 | D:5      | Identified the +10 hunting sling of the Pit {vorpal, rElec
                  | rN+ Int+3}
  6311 | D:5      | Found a runed translucent gate.
  6312 | D:5      | Found a runed translucent gate.
  6312 | D:5      | Found an opulent altar of Gozag.
  6313 | D:5      | Found a runed translucent gate.
  6331 | D:5      | Noticed spaghetti's ghost (novice OgFi)
  6360 | D:5      | Reached skill level 4 in Maces & Flails
  6364 | D:5      | Reached * piety under Dithmenos
  6366 | D:5      | Killed spaghetti's ghost
  6367 | D:5      | Reached skill level 5 in Maces & Flails
  6367 | D:5      | Reached XP level 9. HP: 41/52 MP: 9/9
  6549 | D:5      | Noticed Ijyb
  6567 | D:5      | Killed Ijyb
  6568 | D:5      | Reached skill level 5 in Armour
  6676 | D:5      | Found an opulent altar of Gozag.
  7488 | D:6      | Reached skill level 6 in Maces & Flails
  7648 | D:6      | Found a basalt altar of Yredelemnul.
  8669 | D:7      | Reached skill level 5 in Fighting
  8670 | D:7      | Found a staircase to the Ecumenical Temple.
  9197 | D:7      | Reached skill level 7 in Maces & Flails
  9254 | D:7      | HP: 2/54 [killer bee (7)]
  9254 | D:7      | Succumbed to a killer bee's poison

Illustrated notes

Levels and vault maps discovered:
D:1:      ldierk_walled_garden, layout_basic, serial_forest,
          infiniplex_forest_lined_2, infiniplex_forest_end_3,
          infiniplex_forest_zigzag_2, infiniplex_forest_straight_3,
          infiniplex_forest_diagonal, infiniplex_forest_end_1,
          minmay_lizard_king
D:2:      layout_basic, dreamdust_ecumenical_altar_drowned_temple,
          hangedman_abyss_or_decor_lesser_grid, uniq_terence
D:3:      layout_loops_ring, grunt_dithmenos_smoke_and_mirrors
D:4:      layout_loops_ring, mainiacjoe_overflow_six_doors_small,
          chequers_temple_overflow_minitemple, kennysheep_boxes, uniq_eustachio,
          uniq_natasha
D:5:      layout_basic, mainiacjoe_overflow_alcove_4,
          cheibrodos_sewer_entry_bend, ebering_ghost_gozag, grunt_ministairs_10,
          uniq_ijyb
D:6:      layout_cave_pods, lemuel_zombie_altar_yredelemnul
D:7:      layout_cave_pools, minmay_temple_entry_statues

Skill      XL: |  1  2  3  4  5  6  7  8  9 |
---------------+----------------------------+-----
Short Blades   | 3 |  3.9
Dodging        | 1 2 3 4 |  4.8
Armour         | 3 4 5 |  5.3
Shields        | 3 4 |  4.6
Fighting       | 4 5 |  5.3
Stealth        | 1 |  1.3
Maces & Flails | 2 3 5 7 |  7.0
Long Blades    | |  0.4
Slings         | |  0.4
Evocations     | |  0.2

Action                   |  1- 3 |  4- 6 |  7- 9 || total
-------------------------+-------+-------+-------++-------
Melee: Rapier            |    83 |     1 |       ||    84
       Dagger            |       |    86 |       ||    86
       Falchion          |       |    62 |       ||    62
       Flail             |       |    85 |   187 ||   272
 Fire: Hunting sling     |       |       |     1 ||     1
Throw: Dart              |       |     1 |       ||     1
Evoke: Wand              |       |     3 |     1 ||     4
  Use: Potion            |     1 |     1 |     6 ||     8
       Scroll            |       |     8 |     4 ||    12
Armor: Scale mail        |    61 |    14 |       ||    75
       Plate armour      |       |   112 |   125 ||   237
Dodge: Dodged            |    55 |    51 |    77 ||   183
Block: Buckler           |    46 |    61 |    74 ||   181

Table legend: (Time is in decaauts)
 A = Elapsed time spent in this place.
 B = Non-inter-level travel time spent in this place.
 C = Inter-level travel time spent in this place.
 D = Time resting spent in this place.
 E = Time spent auto-exploring this place.
 F = Levels seen in this place.
 G = Mean time per level.
                   A        B        C        D        E       F      G
               +--------+--------+--------+--------+--------+-----+--------+
         Total |   9437 |   8281 |   1156 |   1672 |   5153 |   7 | 1348.1 |
       Dungeon |   9437 |   8281 |   1156 |   1672 |   5153 |   7 | 1348.1 |
               +--------+--------+--------+--------+--------+-----+--------+

Top non-repeatable levels by time:
     D:4: 1955 daAuts
     D:3: 1904 daAuts
     D:1: 1512 daAuts
     D:5: 1493 daAuts
     D:6: 1246 daAuts
     D:2: 691 daAuts
     D:7: 634 daAuts
